 Dungeon Crawl Stone Soup version 0.21.1-1-g345015f (webtiles) character file.

150 Swet the Ducker (level 5, 0/41 HPs)
             Began as a Merfolk Gladiator on July 3, 2018.
             Was an Initiate of Yredelemnul.
             Slain by tkdonut's ghost (10 damage)
             ... on level 4 of the Dungeon on July 4, 2018.
             The game lasted 00:43:15 (2202 turns).

Swet the Ducker (Merfolk Gladiator)                 Turns: 2202, Time: 00:43:16

Health: 0/41       AC:  4    Str: 14      XL:     5   Next: 32%
Magic:  5/5        EV: 17    Int:  7      God:    Yredelemnul [......]
Gold:   147        SH:  0    Dex: 14 (17) Spells: 4/4 levels left

rFire    . . .     SeeInvis .   a - +0 long sword
rCold    . . .     Gourm    .   (no shield)
rNeg     . . .     Faith    .   b - +0 leather armour
rPois    .         Spirit   .   c - +0 helmet
rElec    .         Reflect  .   (no cloak)
rCorr    .         Harm     .   (no gloves)
MR       .....                  (boots currently unavailable)
Stlth    +++.......             (no amulet)
HPRegen  0.13/turn              (no ring)
MPRegen  0.09/turn              (no ring)

@: very quick
A: change form in water, swift swim, stealthy swim
a: Renounce Religion


You were on level 4 of the Dungeon.
You worshipped Yredelemnul.
Yredelemnul was noncommittal.
You were not hungry.

You visited 1 branch of the dungeon, and saw 4 of its levels.

You collected 147 gold pieces.

Inventory:

Hand Weapons
 a - a +0 long sword (weapon)
 g - a +0 club
 j - a +0 dagger
Missiles
 d - a throwing net (quivered)
Armour
 b - a +0 leather armour (worn)
 c - a +0 helmet (worn)
Scrolls
 e - 2 scrolls of enchant armour {unknown}
 h - 3 scrolls of identify {unknown}
 k - 2 scrolls of remove curse {unknown}
Potions
 i - a potion of ambrosia
 l - a potion of invisibility {unknown}
 m - a potion of degeneration
 n - 2 potions of curing {unknown}
 o - a potion of haste {unknown}
 p - a potion of resistance {unknown}
 q - a potion of agility {unknown}
Comestibles
 f - 6 rations
 r - 2 chunks of flesh


   Skills:
 * Level 3.2 Fighting
 + Level 4.9 Long Blades
 + Level 2.0 Throwing
 + Level 5.0 Dodging
 * Level 1.7 Stealth


You had 4 spell levels left.
You didn't know any spells.

Dungeon Overview and Level Annotations

Branches:
Dungeon (4/15)
 Temple: D:4-7

Altars:
Fedhas
Nemelex Xobeh
Sif Muna
Yredelemnul

Shops:
D:4 *

Annotations:
D:4 tkdonut's ghost, amateur HOBe


Message History

Tkdonut's ghost hits you but does no damage.
You hit tkdonut's ghost but do no damage.
Tkdonut's ghost hits you!
* * * LOW HITPOINT WARNING * * *
Tkdonut's ghost misses you.
Found Vional's Assorted Antiques.
Tkdonut's ghost whispers, "The ORB doesn't exist."
Throwing (i - inventory):
d - 2 throwing nets (quivered)
Press: ? - help, Shift-Dir - straight line, f - tkdonut's ghost
Aim: tkdonut's ghost (immune to nets)
You throw a throwing net. The throwing net hits tkdonut's ghost.
The net passes right through tkdonut's ghost!
Your legs become a tail as you enter the water.
Tkdonut's ghost lets out a mournful wail.
The iguana splashes around in the water.
Found 21 bolts.
You closely miss the iguana. The iguana barely misses you.
Tkdonut's ghost hits you!
You die...
Your body rises from the dead as a mindless zombie.

#.........#
#(###.##..# . #.# #.#
... ♣P #.# #.# #.#
≈.. ###.###.# #.###
....#≈≈≈.##.###...#
#...≈≈≈≈≈......)#.#
#.##≈≈∩lW##.#.#.<[#
#≈≈.@≈##.............
##≈.≈#........#######
##...........#
...#.#......#
###.#.##...#.#
#(#.###.##.# #.#.#
#.##.# #.#


You could see an iguana and tkdonut's ghost.

Vanquished Creatures
  An orc priest (D:3)
  4 adders
  2 gnolls
  An ooze (D:1)
  2 worms (D:2)
  2 dart slugs
  2 leopard geckos (D:1)
  6 orcs (D:3)
  8 bats
  A giant cockroach (D:2)
  A goblin (D:2)
  3 hobgoblins
  8 kobolds
  2 ball pythons
  3 frilled lizards
  8 rats
54 creatures vanquished.

Notes
Turn   | Place    | Note
-------+----------+-------------------------------------------
     0 | D:1      | Swet the Merfolk Gladiator began the quest for the Orb.
     0 | D:1      | Reached XP level 1. HP: 16/16 MP: 1/1
   132 | D:1      | Reached XP level 2. HP: 18/22 MP: 2/2
   538 | D:1      | Reached XP level 3. HP: 14/28 MP: 3/3
   734 | D:2      | Found a blossoming altar of Fedhas.
  1345 | D:2      | Reached XP level 4. HP: 34/34 MP: 4/4
  1486 | D:2      | Found a basalt altar of Yredelemnul.
  1502 | D:2      | Became a worshipper of Yredelemnul the Dark
  1524 | D:2      | Reached skill level 1 in Stealth
  1534 | D:2      | Found a deep blue altar of Sif Muna.
  1603 | D:3      | Found a faded altar of an unknown god.
  1657 | D:3      | Reached skill level 5 in Dodging
  2000 | D:3      | Found a sparkling altar of Nemelex Xobeh.
  2014 | D:3      | Reached XP level 5. HP: 41/41 MP: 5/5
  2072 | D:3      | Noticed an orc warrior
  2173 | D:4      | Noticed tkdonut's ghost (amateur HOBe)
  2183 | D:4      | Found Vional's Assorted Antiques.
  2202 | D:4      | Slain by tkdonut's ghost

Skill      XL: |  1  2  3  4 |
---------------+-------------+-----
Long Blades    | 4 |  4.9
Stealth        | 1 |  1.7
Fighting       | 3 |  3.2
Dodging        | 5 |  5.0
Throwing       | |  2.0

Action                   |  1- 3 |  4- 6 || total
-------------------------+-------+-------++-------
Melee: Long sword        |    94 |    53 ||   147
Throw: Throwing net      |     2 |     1 ||     3
  Use: Potion            |     2 |     1 ||     3
       Scroll            |     1 |       ||     1
 Stab: Sleeping          |       |     1 ||     1
  Eat: Chunk             |     1 |       ||     1
       Ration            |       |     1 ||     1
Armor: Leather armour    |    24 |    22 ||    46
Dodge: Dodged            |    64 |    40 ||   104
       Rpst.: Long sword |    16 |    21 ||    37
